 Dungeon Crawl Stone Soup version 0.31-a0-1068-g5939ac1fb6 (webtiles) character file.

Game seed: 11350997612816520771

135 kae the Vexing (level 4, -5/30 HPs)
             Began as a Demonspawn Enchanter on Nov 23, 2023.
             Killed from afar by Natasha (8 damage)
             ... with a puff of flame
             ... on level 4 of the Dungeon.
             The game lasted 00:01:55 (2784 turns).

kae the Vexing (Demonspawn Enchanter)               Turns: 2784, Time: 00:01:55

Health: -5/30      AC:  5    Str: 10    XL:     4   Next: 97%
Magic:  2/7        EV: 12    Int: 16    God:
Gold:   130        SH:  0    Dex: 14    Spells: 3/8 levels left

rFire   . . .        a - +2 dagger
rCold   . . .        (no shield)
rNeg    . . .        b - +0 robe
rPois   .            (no helmet)
rElec   .            (no cloak)
rCorr   .            (no gloves)
SInv    .            (no boots)
Will    .....        (no amulet)
Stlth   ++           (no ring)
HPRegen 0.25/turn    (no ring)
MPRegen 0.10/turn

%: no passive effects
@: slowed, very slow
A: slimy green scales 2, demonic guardian 1
a: no special abilities


You were on level 4 of the Dungeon.
You visited 1 branch of the dungeon, and saw 4 of its levels.

You collected 130 gold pieces.


Innate Abilities, Weirdness & Mutations

You are mostly covered in slimy green scales. (AC +3)
A weak demonic guardian rushes to your aid.


   Skills:
 * Level 2.3 Short Blades
 + Level 2.4 Dodging
 + Level 3.1 Stealth
 + Level 2.5 Spellcasting
 * Level 3.9 Hexes
 + Level 0.3 Ice Magic


You had 3 spell levels left.
You knew the following spells:

 Your Spells              Type           Power      Damage    Failure   Level
a - Ensorcelled Hibernat  Hex/Ice        16%        N/A       12%         2
b - Confusing Touch       Hex            14%        N/A       12%         3

Your spell library contained the following spells:

 Spells                   Type           Power      Damage    Failure   Level
 Tukima's Dance           Hex            14%        N/A       12%         3
 Magic Dart               Conj           8%         1d3       21%         1
 Dazzling Flash           Conj/Hex       16%        N/A       26%         3
 Call Imp                 Summ           4%         N/A       30%         2
 Mephitic Cloud           Conj/Pois/Air  2%         N/A       52%         3

Inventory:

Hand Weapons
 a - a +2 dagger (weapon)
Missiles
 d - 13 stones
 h - 8 boomerangs
Armour
 b - a +0 robe (worn)
Wands
 o - a wand of charming (8)
   (You found it on level 2 of the Dungeon)
Scrolls
 g - a scroll of teleportation {@r4}
Potions
 c - 2 potions of invisibility
 e - 3 potions of mutation {unknown}
 f - a potion of cancellation {unknown}
 i - a potion of lignification {!q}
 j - a potion of might {unknown}
 k - 2 potions of berserk rage {unknown}
 p - a potion of enlightenment {unknown}
 q - a potion of heal wounds {unknown}
 r - 2 potions of degeneration {unknown}
 t - a potion of magic {unknown}

Dungeon Overview and Level Annotations

Branches:
Dungeon (4/15) Zot: 21225
 Temple: D:4-7

Altars:
Trog

Annotations:
D:2 1 runed translucent door, Crazy Yiuf
D:4 Natasha

.. ....... #.
....... #.
....... ##.
....... 5.
....... ...###.
......#
#....5h##....#.#
#@.......#
#.ยง.......
#..5....##
#.........
#...<...##
#.......#
#.).....###
#[.........
#......###


You could see Natasha, 2 cerulean imps and a friendly white imp (summoned).


Message History

You regained 3 hp, and now have 28/30 hp.
You start resting.
Natasha is nearby! ๐Ÿ˜• HP[+1] Natasha closely misses you.
Casting: Ensorcelled Hibernation (safe; 12% risk of failure)
Confirm with . or Enter, or press ? or * to list all spells.
Aiming: Ensorcelled Hibernation (safe; 12% risk of failure)
Press: ? - help, Shift-Dir - straight line, f - Natasha
Aim: Natasha, carrying a wand of flame (chance to affect: 41%) Natasha resists with some effort.
Natasha claws you but does no damage. ๐Ÿ˜• MP[-2]
You lost 2 mp, and now have 5/7 mp.
Casting: Ensorcelled Hibernation (safe; 12% risk of failure)
Confirm with . or Enter, or press ? or * to list all spells.
Aiming: Ensorcelled Hibernation (safe; 12% risk of failure)
Press: ? - help, Shift-Dir - straight line, f/p - Natasha
Aim: Natasha, carrying a wand of flame (chance to affect: 41%) Natasha resists with some effort.
Natasha claws you. ๐Ÿ˜• HP[-3] MP[-2]
You take 3 damage, and now have 26/30 hp.
You lost 2 mp, and now have 3/7 mp.
Casting: Ensorcelled Hibernation (safe; 12% risk of failure)
Confirm with . or Enter, or press ? or * to list all spells.
Aiming: Ensorcelled Hibernation (safe; 12% risk of failure)
Press: ? - help, Shift-Dir - straight line, f/p - Natasha
Aim: Natasha, carrying a wand of flame (chance to affect: 41%) Natasha resists with some effort.
Natasha closely misses you. ๐Ÿ˜• HP[+1] MP[-2]
You lost 2 mp, and now have 1/7 mp.
Casting: Ensorcelled Hibernation (safe; 12% risk of failure)
Confirm with . or Enter, or press ? or * to list all spells.
You don't have enough magic to cast this spell.
You hit Natasha. Natasha casts a spell at you.
You feel yourself slow down.
You hit Natasha. Natasha claws you but does no damage.
You closely miss Natasha.
Natasha stares at you and mumbles some strange words.
You resist with some effort.
Unknown command.
Casting: Ensorcelled Hibernation (safe; 12% risk of failure)
Confirm with . or Enter, or press ? or * to list all spells.
You don't have enough magic to cast this spell.
You hit Natasha.
Natasha casts a spell.
Natasha claws you. ๐Ÿ˜• HP[-3]
You take 3 damage, and now have 24/30 hp.
You closely miss Natasha.
Natasha mumbles some strange words.
Unknown command.
You completely miss Natasha.
The cerulean imp hits you from afar with a +3 spear.
Natasha claws you.
The cerulean imp hits you but does no damage. ๐Ÿ˜ฎ HP[-5] MP[+1]
You take 5 damage, and now have 19/30 hp.
Unknown command.
You hit Natasha. The cerulean imp barely misses you.
Natasha zaps a wand.
The puff of flame hits you.
The cerulean imp hits you with a +0 spear.
A demonic guardian appears!
The cerulean imp hits you from afar with a +3 spear.
* * * LOW HITPOINT WARNING * * *
You hit Natasha.
Natasha stares at you and mumbles some strange words.
The magic dart hits you.
* * * LOW HITPOINT WARNING * * *
The cerulean imp hits you but does no damage.
Your white imp gestures at the cerulean imp.
The puff of frost hits the cerulean imp.
The cerulean imp hits you from afar with a +3 spear.
* * * LOW HITPOINT WARNING * * *
Natasha claws you.
* * * LOW HITPOINT WARNING * * *
๐Ÿ˜ฑ HP[-13]
You take 13 damage, and now have 6/30 hp.
MASSIVE DAMAGE!! (PAUSE)
You barely miss Natasha.
The cerulean imp hits your white imp with a +0 spear.
Your white imp hits the cerulean imp but does no damage.
The cerulean imp hits you from afar with a +3 spear.
* * * LOW HITPOINT WARNING * * *
Natasha casts a spell.
The cerulean imp hits your white imp with a +0 spear. ๐Ÿ˜ฑ HP[-4]
You take 4 damage, and now have 2/30 hp.
Unknown command.
You barely miss Natasha.
Your white imp gestures at the cerulean imp.
The puff of frost hits the cerulean imp!
The cerulean imp dies!
The cerulean imp disappears in a puff of smoke!
The cerulean imp hits you but does no damage.
Natasha zaps a wand.
The puff of flame hits you!
You die...
Natasha begins licking her fur clean.

Skill      XL: |  1  2  3 |
---------------+----------+-----
Short Blades   | 1 2 |  2.3
Dodging        | 2 |  2.4
Stealth        | 3 |  3.1
Spellcasting   | |  2.5
Hexes          | |  3.9
Ice Magic      | |  0.3

Action                     |  1- 3 |  4- 6 || total
---------------------------+-------+-------++-------
  Melee: Dagger            |   122 |    68 ||   190
         Punch             |     2 |       ||     2
   Cast: Ensorcelled Hiber |     8 |     5 ||    13
    Use: Scroll            |     2 |     4 ||     6
   Stab: Sleeping          |     5 |     5 ||    10
 Armour: Robe              |    67 |    48 ||   115
  Dodge: Dodged            |    68 |    37 ||   105

Levels and vault maps discovered:
D:1:      sevenhm_arrival_forest_fort_small_6, layout_basic,
          shapermc_ecumenical_altar_venn
D:2:      layout_loops_cross, hex_large, kennysheep_cluttered_room,
          uniq_crazy_yiuf_cottage, uniq_jessica
D:3:      layout_loops_ring, mainiacjoe_overflow_brackets
D:4:      minmay_opposing_rooms, layout_basic, gammafunk_temple_overflow_statue,
          serial_shops, nicolae_shop_mannequins, uniq_grinder,
          uniq_blork_the_orc, uniq_natasha

Notes
Turn   | Place    | Note
-------+----------+-------------------------------------------
     0 | D:1      | kae the Demonspawn Enchanter began the quest for the Orb.
     0 | D:1      | Reached XP level 1. HP: 13/13 MP: 3/3
     0 | D:1      | magus.rc [v1.11.3]
   126 | D:1      | Found a faded altar of an unknown god.
   153 | D:1      | Reached skill level 1 in Short Blades
   275 | D:1      | HP: 2/13 [kobold/+0 dagger (4)]
   471 | D:1      | HP: 3/13 [kobold/+0 whip (4)]
   475 | D:1      | HP: 1/13 [kobold/+0 whip (3)]
   551 | D:1      | Gained mutation: A weak demonic guardian rushes to your
                  | aid. [demonic ancestry]
   551 | D:1      | Reached XP level 2. HP: 17/19 MP: 5/5
   554 | D:1      | Learned a level 2 spell: Ensorcelled Hibernation
   770 | D:2      | Noticed Jessica
   975 | D:2      | Reached skill level 2 in Dodging
   980 | D:2      | HP: 2/19 [quokka (3)]
   983 | D:2      | Gained mutation: You are partially covered in slimy green
                  | scales. (AC +2) [demonic ancestry]
   983 | D:2      | Reached XP level 3. HP: 1/24 MP: 0/6
  1379 | D:2      | Reached skill level 3 in Stealth
  1512 | D:2      | Killed Jessica
  1513 | D:2      | Reached skill level 2 in Short Blades
  1513 | D:2      | Gained mutation: You are mostly covered in slimy green
                  | scales. (AC +3) [demonic ancestry]
  1513 | D:2      | Reached XP level 4. HP: 30/30 MP: 4/7
  1590 | D:2      | Found a runed translucent door.
  1591 | D:2      | Noticed Crazy Yiuf
  1968 | D:3      | Learned a level 3 spell: Confusing Touch
  2132 | D:3      | You pick up a book of Minor Magic and begin reading...
  2132 | D:3      | You add the spells Magic Dart, Call Imp and Mephitic Cloud
                  | to your library.
  2320 | D:3      | Found a bloodstained altar of Trog.
  2767 | D:4      | Noticed Natasha
  2782 | D:4      | HP: 6/30 [Natasha (2)]
  2783 | D:4      | HP: 2/30 [cerulean imp/+3 spear[Natasha] (4)]
  2784 | D:4      | Killed from afar by Natasha

Vanquished Creatures
  Jessica (D:2)
  An iguana (D:3)
  2 adders
  2 worms
  A dart slug (D:2)
  An endoplasm (D:2)
  2 giant cockroaches (D:2)
  6 goblins
  3 hobgoblins
  3 jackals (D:3)
  4 kobolds
  2 quokkas
  4 ball pythons
  A bat (D:2)
  A frilled lizard (D:2)
  3 rats
37 creatures vanquished.

Vanquished Creatures (collateral kills)
  2 adders (D:2)
  2 quokkas (D:2)
4 creatures vanquished.

Grand Total: 41 creatures vanquished

Table legend:
 A = Non-vault XP
 B = Vault XP
 C = Vault XP percentage of total XP
 D = Non-vault monster count
 E = Vault monster count
 F = Vault count percentage of total count
                 A         B        C        D         E       F
            +---------+---------+-------+---------+---------+-------
      Total |     157 |      37 |  19.1 |      40 |       1 |   2.4
            +---------+---------+-------+---------+---------+-------
        D:1 |      13 |       0 |   0.0 |       8 |       0 |   0.0
        D:2 |      74 |      37 |  33.3 |      20 |       1 |   4.8
        D:3 |      66 |       0 |   0.0 |      10 |       0 |   0.0
        D:4 |       4 |       0 |   0.0 |       2 |       0 |   0.0
            +---------+---------+-------+---------+---------+-------

Skill      XL: |  1  2  3 |
---------------+----------+-----
Short Blades   | 1 2 |  2.3
Dodging        | 2 |  2.4
Stealth        | 3 |  3.1
Spellcasting   | |  2.5
Hexes          | |  3.9
Ice Magic      | |  0.3

Action                     |  1- 3 |  4- 6 || total
---------------------------+-------+-------++-------
  Melee: Dagger            |   122 |    68 ||   190
         Punch             |     2 |       ||     2
   Cast: Ensorcelled Hiber |     8 |     5 ||    13
    Use: Scroll            |     2 |     4 ||     6
   Stab: Sleeping          |     5 |     5 ||    10
 Armour: Robe              |    67 |    48 ||   115
  Dodge: Dodged            |    68 |    37 ||   105

Illustrated notes

Table legend:
 A = Kills in this place as a percentage of kills in the entire game.
 B = Kills by you in this place as a percentage of kills by you in the entire game.
 C = Kills by friends in this place as a percentage of kills by friends in the entire game.
 D = Other kills in this place as a percentage of other kills in the entire game.
 E = Experience gained in this place as a percentage of experience gained in the entire game.
 F = Experience gained in this place divided by the number of levels of this place that you have seen.
                   A       B       C       D       E      F
               +-------+-------+-------+-------+-------+----------------------
         Total | 100.0 | 100.0 | 100.0 |   N/A | 100.0 |  48.5
       Dungeon | 100.0 | 100.0 | 100.0 |   N/A | 100.0 |  48.5
               +-------+-------+-------+-------+-------+----------------------

Table legend: (Time is in decaauts)
 A = Elapsed time spent in this place.
 B = Non-inter-level travel time spent in this place.
 C = Inter-level travel time spent in this place.
 D = Time resting spent in this place.
 E = Time spent auto-exploring this place.
 F = Levels seen in this place.
 G = Mean time per level.
                   A        B        C        D        E       F      G
               +--------+--------+--------+--------+--------+-----+--------+
         Total |   2773 |   2700 |     73 |    288 |   2006 |   4 |  693.2 |
       Dungeon |   2773 |   2700 |     73 |    288 |   2006 |   4 |  693.2 |
               +--------+--------+--------+--------+--------+-----+--------+

Top non-repeatable levels by time:
     D:2: 1156 daAuts
     D:1: 766 daAuts
     D:3: 752 daAuts
     D:4: 96 daAuts
